 Dungeon Crawl Stone Soup version 0.29-a0-659-g28b9d68c38 (webtiles) character file.

Game seed: 7857506371800804789

110229 PentaManta the Crack Shot (level 16, -5/81 HPs)
             Began as a Spriggan Hunter on June 22, 2022.
             Was an Initiate of Gozag.
             Killed from afar by Aizul (40 damage)
             ... with a bolt of poison
             ... on level 1 of the Elven Halls.
             The game lasted 01:14:17 (32897 turns).

PentaManta the Crack Shot (Spriggan Hunter)        Turns: 32897, Time: 01:14:17

Health: -5/81      AC: 12    Str:  7    XL:     16   Next: 6%
Magic:  17/17      EV: 40    Int: 12    God:    Gozag
Gold:   466        SH:  0    Dex: 25    Spells: 15/15 levels left

rFire   . . .      SeeInvis +   a - +5 shortbow (vorpal)
rCold   . . .      Faith    .   (shield currently unavailable)
rNeg    . . .      Spirit   .   y - +3 steam dragon scales
rPois   .          Reflect  .   (helmet restricted)
rElec   .          Harm     .   L - scarf {repulsion}
rCorr   .          Rampage  .   (gloves unavailable)
Will    ++...                   (boots unavailable)
Stlth   ++++++....              U - amulet of regeneration
HPRegen 1.03/turn               V - +4 ring of slaying
MPRegen 0.15/turn               d - +4 ring of protection

@: lethally poisoned (-5 -> -11), repel missiles, unable to read, very quick
A: very small, no large weapons, unfitting armour, see invisible, speed 3,
inability to read while threatened
a: Renounce Religion, Potion Petition, Call Merchant, Bribe Branch


You were on level 1 of the Elven Halls.
You worshipped Gozag.
Gozag was aware of your devotion.
You visited 5 branches of the dungeon, and saw 25 of its levels.
You also visited: Ossuary and Volcano.

You collected 8532 gold pieces.
You spent 5052 gold pieces at shops.
You paid 3014 gold pieces to Gozag.

Inventory:

Hand Weapons
 a - a +5 vorpal shortbow (weapon)
Missiles
 b - 5 throwing nets
 e - 3 curare-tipped darts
Armour
 l - the +5 robe of Night {Dark Will+ SInv}
   (You acquired it on level 6 of the Dungeon)

   It shrouds the wearer in darkness, reducing the range at which they can see
   and be seen by others.
   SInv:      It lets you see invisible.
   Will:      It increases your willpower.
 y - +3 steam dragon scales (worn)
 J - a +2 cloak of fire resistance
 L - a scarf of repulsion (worn)
 N - a +2 robe of resistance
 Q - the +3 hat of Pondering {ponderous, Will+ MP+10 Int+5}
   (You took it off Gastronok on level 2 of the Lair of Beasts)

   Int:       It affects your intelligence (+5).
   MP:        It affects your magic capacity (+10).
   Will:      It increases your willpower.
 R - the +1 cloak of Tilu {Rampage Dex+4}
   (You found it on level 4 of the Lair of Beasts)

   Dex:       It affects your dexterity (+4).
   Rampage:   It bestows one free step when moving towards enemies.
 X - a +0 cloak of willpower
Jewellery
 d - a +4 ring of protection (right hand)
 u - a ring of poison resistance
 C - a ring of resist corrosion
 D - a ring of protection from fire
 I - the ring "Soennis" {Fly rC+ Will+ Str+3 Dex+4}
   (You bought it in a shop on level 6 of the Dungeon)

   [ring of flight]

   Str:       It affects your strength (+3).
   Dex:       It affects your dexterity (+4).
   rC:        It protects you from cold.
   Fly:       It grants you flight.
   Will:      It increases your willpower.
 S - a ring of protection from fire
 U - an amulet of regeneration (around neck)
 V - a +4 ring of slaying (left hand)
 W - a ring of positive energy
Wands
 k - a wand of mindburst (2)
 A - a wand of quicksilver (18)
 B - a wand of paralysis (16)
 E - a wand of flame (8)
 H - a wand of digging (5)
 K - a wand of iceblast (19)
 Y - a wand of polymorph (1)
Scrolls
 c - 11 scrolls of immolation
 g - 5 scrolls of fear
 j - 11 scrolls of teleportation
 q - 5 scrolls of vulnerability
 r - 6 scrolls of fog
 t - 4 scrolls of poison
 z - 5 scrolls of blinking
 G - a scroll of amnesia
 M - 2 scrolls of magic mapping
Potions
 f - 7 potions of lignification
 m - 3 potions of heal wounds
 o - 7 potions of might
 p - 12 potions of haste
 s - 4 potions of ambrosia
 v - 4 potions of resistance
 w - 3 potions of invisibility
 x - 15 potions of curing
 F - a potion of cancellation
 O - 6 potions of mutation
 P - 7 potions of berserk rage
Miscellaneous
 i - a phantom mirror
 n - a condenser vane


   Skills:
 * Level 7.7 Fighting
 - Level 21.1 Bows
 - Level 6.0 Throwing
 - Level 20.0 Dodging
 * Level 13.7 Stealth
 + Level 17.6 Evocations


You had 15 spell levels left.
You didn't know any spells.
Your spell library contained the following spells:

 Spells                   Type           Power      Damage    Failure   Level
 Sandblast                Erth           0%         2d4       32%         1
 Ensorcelled Hibernation  Hex/Ice        0%         N/A       45%         2
 Passwall                 Tmut/Erth      0%         N/A       45%         2
 Portal Projectile        Hex/Tloc       0%         N/A       69%         3
 Stone Arrow              Conj/Erth      0%         3d7       69%         3
 Swiftness                Air            0%         N/A       69%         3
 Tukima's Dance           Hex            0%         N/A       69%         3
 Airstrike                Air            0%         N/A       97%         4
 Cause Fear               Hex            0%         N/A       97%         4
 Summon Ice Beast         Ice/Summ       0%         N/A       97%         4
 Summon Lightning Spire   Summ/Air       0%         N/A       97%         4
 Blade Hands              Tmut           0%         N/A       100%        5
 Iskenderun's Battlesphe  Conj           0%         2d6       100%        5
 Lightning Bolt           Conj/Air       0%         1d11      100%        5
 Summon Mana Viper        Hex/Summ       0%         N/A       100%        5
 Iron Shot                Conj/Erth      0%         9d1       100%        6
 Dragon Form              Tmut           0%         N/A       100%        7
 Monstrous Menagerie      Summ           0%         N/A       100%        7
 Spellforged Servitor     Conj/Summ      0%         N/A       100%        7
 Dragon's Call            Summ           0%         N/A       100%        9


Dungeon Overview and Level Annotations

Branches:
Dungeon (15/15)            Temple (1/1) D:5            Lair (6/6) D:9
 Shoals (0/4) Lair:4       Spider (0/4) Lair:4        Slime (0/5) Lair:6
    Orc (2/2) D:10            Elf (1/3) Orc:2        Vaults (0/5) D:14
 Depths (0/4) D:15        Ossuary (visited)         Volcano (visited)

Altars:
Ashenzari
Cheibriados
Dithmenos
Elyvilon
Fedhas
Gozag
Hepliaklqana
Kikubaaqudgha
Makhleb
Nemelex Xobeh
Okawaru
Qazlal
Ru
Sif Muna
Trog
Uskayaw
Vehumet
Wu Jian
Xom
Yredelemnul
Zin
The Shining One

Shops:
D:1 [   D:6 *   D:9 (=   D:13 [   Orc:1 [   Orc:2 ==([[*   Lair:3 *

Portals:
Trove: D:10 (give 5 scrolls of fog)

Annotations:
D:12 2 transporters, crabbyslav's ghost, journeyman DsVM
Elf:1 Aizul


Innate Abilities, Weirdness & Mutations

You are very small and have problems with some larger weapons.
You are too small for most types of armour.
You have supernaturally acute eyesight. (SInv)
You cover ground extremely quickly. (Speed+++)
You sometimes lose the ability to read scrolls when taking damage.


Message History

You shoot an arrow. The arrow misses Aizul.
Aizul casts a spell at you. The bolt of poison misses you.
You shoot an arrow. The arrow hits Aizul!
Aizul is moderately wounded.
Aizul casts a spell at you. The bolt of poison misses you.
You shoot an arrow. The arrow barely misses Aizul.
Aizul coils herself and waves her upper body at you.
The poison arrow misses you.
You shoot an arrow. The arrow hits Aizul!!
Aizul is heavily wounded.
Aizul coils herself and waves her upper body at you.
You easily resist.
You shoot an arrow.
The arrow hits Aizul but does no damage.
Aizul is heavily wounded.
Aizul coils herself and waves her upper body at you.
The poison arrow misses you.
You shoot an arrow. The arrow misses Aizul.
Aizul casts a spell at you. The bolt of poison hits you!!
You are poisoned.
* * * LOW HITPOINT WARNING * * *
You are too injured to fight recklessly!
You are too injured to fight recklessly!
Unknown command.
You feel better. Aizul misses you. Aizul completely misses you.
Shoot: a) +5 shortbow (vorpal)
Press: ? - help, Q - select action, (/) - cycle Shift-Dir - straight line, f/p - Aizul
Aim: Aizul (heavily wounded, 63% to hit)
You shoot an arrow. The arrow hits Aizul!
Aizul is severely wounded.
Aizul closely misses you.
Aizul says, "Feeling sleepy?"
Aizul coils herself and waves her upper body at you.
The bolt of poison hits you!!!
You are poisoned.
You die...
Your body crumbles into a pile of gold.

..######
##......##
#.ยง......#
#.$......#
#########
#$.....#
#.......#
##$###..#
#.8.8.8)#
##.##
#.......###S##
$
#<......'@.##
#.......#.##
#)8.8.8.###
#.......#
#########


You could see Aizul.

Vanquished Creatures
  Gastronok (Lair:2)
  Frances (D:12)
  A stone giant (D:15)
  Nessos (D:13)
  Snorg (D:13)
  Josephine (D:13)
  The ghost of cheechan the Archer, a journeyman OpAr of Uskayaw (Orc:1)
  5 hydras
  Erica (D:8)
  5 boulder beetles
  An ogre mage (D:14)
  A catoblepas (Lair:5)
  2 centaur warriors
  A merfolk avatar (Lair:6)
  3 two-headed ogres
  5 death yaks (Lair:6)
  5 tengu warriors
  Urug (Lair:6)
  3 orc high priests (Orc:2)
  Lodul (D:10)
  A sixfirhy (D:12)
  A deep elf archer (Elf:1)
  4 orc knights (Orc:2)
  5 wizards (Volcano)
  3 wolf spiders
  4 deep elf pyromancers
  A deep elf zephyrmancer (Elf:1)
  4 orc sorcerers (Orc:2)
  2 harpies (Lair:6)
  21 ugly things
  8 cyclopes
  14 elephants
  5 manticores
  Maurice (D:8)
  2 merfolk sirens (Lair:4)
  3 black mambas
  5 toenail golems (Volcano)
  Maggie (D:7)
  16 cane toads
  3 unseen horrors
  4 rime drakes
  12 komodo dragons
  4 red devils (D:15)
  A tengu conjurer (D:14)
  A meliai (D:9)
  Prince Ribbit (D:6)
  6 trolls
  3 hornets
  A polar bear (Lair:3)
  3 snapping turtles (Lair:6)
  A tarantella (shapeshifter) (D:13)
  2 merfolk (Lair:4)
  17 slime creatures
  18 blink frogs
  A jumping spider (Lair:4)
  A snapping turtle (shapeshifter) (D:13)
  100 yaks
  6 wraiths
  A spriggan (shapeshifter) (Elf:1)
  7 basilisks
  7 wyverns
  A golden eye (shapeshifter) (Elf:1)
  4 vampire mosquitoes
  3 steam dragons
  A warg (Orc:1)
  Edmund (D:5)
  The ghost of endorz the Digger, an amateur GrEE (D:4)
  11 water moccasins
  An acid dragon (D:10)
  12 orc warriors
  2 sky beasts (D:7)
  17 ogres
  18 wolves
  2 phantoms
  8 centaurs
  Blork the orc (D:5)
  15 bullfrogs
  A spectral warg (Orc:1)
  A gnoll sergeant (D:9)
  2 scorpions
  10 wights
  11 killer bees
  A spectral ogre (Orc:1)
  7 electric eels
  5 howler monkeys
  A bullfrog zombie (D:4)
  2 hounds
  4 jellies
  10 orc priests
  Crazy Yiuf (D:4)
  A gnoll shaman (D:7)
  5 iguanas
  A spectral orc (Orc:1)
  Natasha (thrice) (D:3)
  15 orc wizards
  7 hell rats (Lair:3)
  A troll simulacrum (Orc:1)
  8 mummies (Ossuary)
  A howler monkey zombie (D:4)
  12 gnolls
  11 adders
  2 ogre simulacra (Orc:1)
  A shadow imp (D:7)
  A white imp (D:5)
  2 ufetubi
  3 orc simulacra (Orc:1)
  3 worms
  2 dart slugs
  48 orcs
  8 ball pythons
  4 endoplasms (D:1)
  5 giant cockroaches (D:3)
  2 gnoll zombies (Ossuary)
  8 goblins
  8 hobgoblins
  4 jackals
  7 kobolds
  2 quokkas
  6 bats
  4 frilled lizards
  2 hobgoblin zombies (Ossuary)
  2 kobold zombies
  3 orc zombies (Ossuary)
  8 rats
696 creatures vanquished.

Vanquished Creatures (collateral kills)
  A wind drake (Lair:6)
1 creature vanquished.

Vanquished Creatures (others)
  2 dancing weapons
  5 bushes
  19 fungi
  61 plants
87 creatures vanquished.

Grand Total: 784 creatures vanquished

Notes
Turn   | Place    | Note
-------+----------+-------------------------------------------
     0 | D:1      | PentaManta the Spriggan Hunter began the quest for the Orb.
     0 | D:1      | Reached XP level 1. HP: 10/10 MP: 2/2
    50 | D:1      | Reached skill level 5 in Bows
   162 | D:1      | Reached XP level 2. HP: 14/14 MP: 3/3
   294 | D:1      | Found Muphil's Armour Shop.
   380 | D:1      | Reached skill level 6 in Bows
   457 | D:1      | Reached XP level 3. HP: 18/18 MP: 4/4
  1534 | D:3      | Reached XP level 4. HP: 22/22 MP: 5/5
  1587 | D:3      | Noticed Natasha
  1593 | D:3      | Killed Natasha
  1594 | D:3      | Reached skill level 7 in Bows
  1849 | D:3      | Found a burning altar of Makhleb.
  1955 | D:3      | Noticed Natasha
  1963 | D:3      | Killed Natasha
  1964 | D:3      | Reached XP level 5. HP: 20/25 MP: 6/6
  1989 | D:3      | Reached skill level 8 in Bows
  1989 | D:3      | Noticed Natasha
  1995 | D:3      | Killed Natasha
  2339 | D:3      | Found a glowing drain.
  2879 | D:4      | Found a runed translucent door.
  2880 | D:4      | Noticed Crazy Yiuf
  2989 | D:4      | Found a runed translucent gate.
  2989 | D:4      | Found a runed translucent gate.
  2989 | D:4      | Found a runed translucent gate.
  2989 | D:4      | Noticed endorz's ghost (amateur GrEE)
  2991 | D:4      | Found a basalt altar of Yredelemnul.
  3001 | D:4      | Reached XP level 6. HP: 23/30 MP: 7/7
  3157 | D:4      | Reached skill level 9 in Bows
  3598 | D:4      | Found an ornate altar of the Wu Jian Council.
  3598 | D:4      | Found a glowing silver altar of Zin.
  3716 | D:5      | Entered Level 5 of the Dungeon
  3738 | D:5      | Found a sand-covered staircase.
  3742 | D:5      | Noticed Blork the orc
  3749 | D:5      | Reached XP level 7. HP: 29/33 MP: 8/8
  3760 | D:5      | Killed Blork the orc
  3761 | D:5      | Reached skill level 10 in Bows
  3768 | Ossuary  | Entered an ossuary
  4105 | D:5      | Reached skill level 5 in Dodging
  4154 | D:5      | Found a staircase to the Ecumenical Temple.
  4382 | D:6      | Noticed a boulder beetle
  4580 | Temple   | Entered the Ecumenical Temple
  5018 | Temple   | Became a worshipper of Gozag Ym Sagoz the Greedy
  5242 | D:6      | Reached skill level 11 in Bows
  5242 | D:6      | Reached XP level 8. HP: 37/37 MP: 9/9
  5252 | D:6      | Identified the +4 robe of Privacy {Contam Int+5}
  5431 | D:6      | Found Luhuczirach's General Store.
  5439 | D:6      | Bought 2 potions of heal wounds for 110 gold pieces
  5439 | D:6      | Bought a potion of curing for 33 gold pieces
  5439 | D:6      | Bought a scroll of fog for 22 gold pieces
  5439 | D:6      | Bought a potion of attraction for 33 gold pieces
  5439 | D:6      | Bought a potion of invisibility for 88 gold pieces
  5439 | D:6      | Identified a scroll of acquirement
  5443 | D:6      | Acquired the +5 robe of Night {Dark Will+ SInv}
  5443 | D:6      | Found the +5 robe of Night {Dark Will+ SInv}
  6086 | D:5      | Noticed Edmund
  6098 | D:5      | Killed Edmund
  6142 | D:5      | Reached skill level 12 in Bows
  6704 | D:6      | Noticed Prince Ribbit
  6709 | D:6      | Killed Prince Ribbit
  6983 | D:7      | Reached skill level 13 in Bows
  6983 | D:7      | Reached XP level 9. HP: 41/41 MP: 10/10
  7157 | D:7      | Noticed Maggie
  7179 | D:7      | Killed Maggie
  8013 | D:8      | Noticed Erica
  8028 | D:8      | Killed Erica
  8029 | D:8      | Reached skill level 14 in Bows
  8029 | D:8      | Reached skill level 10 in Dodging
  8202 | D:8      | Noticed Maurice
  8216 | D:8      | Killed Maurice
  8217 | D:8      | Reached skill level 15 in Bows
  8217 | D:8      | Reached XP level 10. HP: 46/46 MP: 11/11
  9713 | D:9      | Reached skill level 16 in Bows
 10122 | D:9      | Reached skill level 1 in Evocations
 10448 | D:9      | Found the +12 glaive of Prune {vorpal}
 10722 | D:9      | Found a staircase to the Lair.
 10858 | D:9      | Reached XP level 11. HP: 49/49 MP: 12/12
 10975 | D:10     | Entered Level 10 of the Dungeon
 11253 | D:10     | Noticed a two-headed ogre
 11271 | D:10     | Killed a two-headed ogre
 11377 | D:10     | Reached skill level 5 in Evocations
 11737 | D:10     | Found a portal to a secret trove of treasure.
 11755 | D:10     | Noticed Lodul
 11760 | D:10     | Found a staircase to the Orcish Mines.
 11786 | D:10     | Killed Lodul
 12168 | Lair:1   | Entered Level 1 of the Lair of Beasts
 12391 | D:4      | Killed Crazy Yiuf
 12487 | D:4      | Killed endorz's ghost
 12666 | D:5      | Killed a boulder beetle
 13042 | D:5      | Found a staircase to the Ecumenical Temple.
 13307 | D:6      | Bought the ring "Soennis" {Fly rC+ Will+ Str+3 Dex+4} for
                  | 569 gold pieces
 13394 | Lair:1   | Reached skill level 15 in Dodging
 13442 | D:9      | Bought 3 curare-tipped darts for 19 gold pieces
 13442 | D:9      | Bought a +1 shortbow of freezing for 136 gold pieces
 13732 | Lair:1   | Reached skill level 1 in Throwing
 13953 | Lair:1   | Reached XP level 12. HP: 53/53 MP: 13/13
 14403 | Lair:2   | You are sucked into a shaft and drop 1 floor!
 14485 | Lair:3   | Reached skill level 5 in Throwing
 14492 | Lair:3   | Reached skill level 10 in Evocations
 14513 | Lair:3   | Bought a runed scarf for 248 gold pieces
 14513 | Lair:3   | Bought a scroll labelled LEEVAI RITARY for 31 gold pieces
 14524 | Lair:3   | Bought a glass wand for 124 gold pieces
 15408 | Lair:3   | Noticed a five-headed hydra
 15417 | Lair:3   | Killed a five-headed hydra
 15763 | Lair:2   | Reached XP level 13. HP: 57/57 MP: 14/14
 16006 | Lair:2   | Noticed Gastronok
 16033 | Lair:2   | Killed Gastronok
 17597 | Lair:4   | Identified the +1 cloak of Tilu {Rampage Dex+4}
 17646 | Lair:4   | Found a staircase to the Shoals.
 17907 | Lair:4   | Found a hole to the Spider Nest.
 18378 | Lair:4   | Reached skill level 15 in Evocations
 20042 | Lair:6   | Entered Level 6 of the Lair of Beasts
 20263 | Lair:5   | Reached XP level 14. HP: 31/61 MP: 15/15
 20450 | Lair:5   | Reached skill level 17 in Bows
 20507 | Lair:6   | Found a staircase to the Slime Pits.
 20982 | Lair:6   | Noticed Urug
 21004 | Lair:6   | Killed Urug
 21206 | Lair:6   | Reached skill level 18 in Bows
 21689 | Lair:6   | Reached skill level 19 in Bows
 22372 | Lair:6   | Reached skill level 20 in Bows
 23060 | D:9      | Bought a +4 ring of slaying for 1404 gold pieces
 23977 | D:12     | Found a transporter.
 23996 | D:12     | Noticed crabbyslav's ghost (journeyman DsVM)
 24021 | D:12     | Found a transporter.
 24041 | D:12     | Found a runed translucent door.
 24047 | D:12     | Identified the +5 long sword of the Rattlesnake {vorpal,
                  | *Corrode rF+++ rN+ Str+3}
 24114 | D:12     | HP: 3/61 [sixfirhy (11)]
 24121 | D:12     | Reached skill level 21 in Bows
 24934 | D:13     | Noticed Nessos
 24942 | D:13     | Killed Nessos
 24989 | D:13     | Noticed Josephine
 24996 | D:13     | Killed Josephine
 25223 | D:13     | Reached skill level 5 in Stealth
 25258 | D:13     | Found Peth's Antique Armour Shoppe.
 25396 | D:13     | Found the +8 mithril axe "Arga" {speed, Will+}
 25501 | D:13     | Noticed Snorg
 25610 | D:13     | Killed Snorg
 25889 | D:13     | Noticed Frances
 26535 | D:12     | Killed Frances
 26899 | D:14     | Found a gate to the Vaults.
 26904 | D:14     | Reached XP level 15. HP: 70/70 MP: 16/16
 27643 | D:14     | Found a blossoming altar of Fedhas.
 27849 | D:15     | Entered Level 15 of the Dungeon
 27944 | D:14     | Reached skill level 5 in Fighting
 28507 | D:15     | Reached skill level 10 in Stealth
 29207 | D:15     | Found a staircase to the Depths.
 30080 | Orc:1    | Entered Level 1 of the Orcish Mines
 30138 | Orc:1    | Found a runed translucent gate.
 30138 | Orc:1    | Found a runed translucent gate.
 30138 | Orc:1    | Found a runed translucent gate.
 30140 | Orc:1    | Noticed cheechan's ghost (journeyman OpAr)
 30267 | Orc:1    | Found Buidoiv's Antique Armour Boutique.
 30374 | Orc:1    | You are sucked into a shaft and drop 1 floor!
 30374 | Orc:2    | Entered Level 2 of the Orcish Mines
 30394 | Orc:2    | Found a staircase to the Elven Halls.
 30582 | Orc:1    | Killed cheechan's ghost
 30866 | Orc:2    | Found a dark tunnel.
 30871 | Volcano  | Entered a volcano
 30934 | Volcano  | Gained mutation: You sometimes lose the ability to read
                  | scrolls when taking damage. [mutagenic glow]
 31706 | Orc:2    | Found Sehammod's Jewellery Shoppe.
 31816 | Orc:2    | Found a radiant altar of Vehumet.
 32292 | Orc:2    | Reached XP level 16. HP: 52/80 MP: 17/17
 32328 | Orc:2    | Found Disemur's Antique Weapon Emporium.
 32335 | Orc:2    | Found Daodgh's Antique Armour Boutique.
 32344 | Orc:2    | Found Qopn's General Store.
 32346 | Orc:2    | Found Omuef's Armour Emporium.
 32630 | Orc:1    | Bought an embroidered robe for 74 gold pieces
 32707 | Orc:2    | Bought a potion of curing for 51 gold pieces
 32707 | Orc:2    | Bought a phantom mirror for 680 gold pieces
 32707 | Orc:2    | Bought a condenser vane for 680 gold pieces
 32778 | Orc:2    | Bought a ring of poison resistance for 300 gold pieces
 32778 | Orc:2    | Bought an amulet of regeneration for 450 gold pieces
 32824 | Elf:1    | Entered Level 1 of the Elven Halls
 32871 | Elf:1    | Noticed Aizul
 32897 | Elf:1    | Killed from afar by Aizul

Illustrated notes

Levels and vault maps discovered:
D:1:      psy_arrival_fountain, layout_loops_ring, serial_shops,
          nicolae_lakefront_shop, st_stairs_4, corexii_item_surrounded_by_moat
D:2:      layout_loops_corners
D:3:      layout_loops_corners, lightli_temple_of_fire, portal_sewer_entry_e,
          uniq_natasha
D:4:      layout_basic, nicolae_yredelemnul_ghost_church, minitemple,
          uniq_crazy_yiuf_cottage
D:5:      layout_loops_ring, minmay_temple_entry_from_below_a, enter_ossuary_3,
          serial_bayou_pond_e, uniq_blork_the_orc, uniq_edmund
D:6:      layout_loops_corners, serial_shops, shop,
          hangedman_abyss_or_decor_stabs, uniq_prince_ribbit1
D:7:      layout_loops_ring, uniq_maggie
D:8:      layout_layer_cave, grunt_ogre_cave, uniq_erica, uniq_maurice
D:9:      layout_loops_ring, lair_entry_dummy, small_chamber_with_monster,
          kennysheep_pointless_box, nicolae_wwwww
D:10:     layout_basic, orc_0_dummy, nicolae_trove_entry_isolated,
          grunt_ministairs_13, uniq_lodul
D:11:     layout_irregular_city
D:12:     cheibrodos_shockbox, layout_gridville, nzn_ghost_randoct
D:13:     layout_cave_pools, serial_shops, nicolae_shop_waterfront,
          dreamdust_princess_corridor, uniq_nessos, uniq_josephine,
          uniq_frances, uniq_snorg
D:14:     layout_cave_pods, david_vaults_2, fedhas_altar_1
D:15:     grunt_enter_depths_snipers, layout_loops_corners,
          nicolae_benzene_ring, einodemon_armed_red_devil_minivault
Temple:   hc_temple_tempest_star
Lair:1:   layout_chaotic_city, beast_lair_carwin_6
Lair:2:   layout_layer_cave, uniq_gastronok
Lair:3:   layout_cellular_growth
Lair:4:   layout_roguey, elwin_shoals_entry_stream, spider_nest_entry_rubble,
          nicolae_lair_grazing_beasts [nicolae_sub_lair_graze_edge,
          nicolae_sub_lair_graze_edge, nicolae_sub_lair_graze_edge,
          nicolae_sub_lair_graze_edge], grunt_megastairs_4
Lair:5:   layout_cellular_growth, minmay_hedge_maze,
          nicolae_lair_run_with_the_wolves
Lair:6:   gammafunk_lair_ancient_temple, layout_regular_city,
          minmay_slime_entry_pillars, uniq_urug
Orc:1:    layout_caves, gammafunk_ghost_necromancy, serial_shops, shop
Orc:2:    st_orc_elflike, layout_caves, special_room,
          nicolae_volcano_entry_s_turn, basic_altar, serial_shops,
          nicolae_shop_hallway_plus
Elf:1:    nicolae_elf_arrival_fired_up, layout_rooms, serial_shops, shop,
          gammafunk_ghost_ooze, evilmike_minifort, st_stairs_10,
          grunt_ministairs_3, minivault_25, drop_trap, kb_rosetta,
          minmay_shop_star, uniq_aizul

Skill      XL: |  1  2  3  4  5  6  7  8  9 10 11 12 13 14 15 |
---------------+----------------------------------------------+-----
Bows           | 5 6 7 8 9 11 13 15 16 21 | 21.1
Dodging        | 3 6 8 10 13 15 17 19 20 | 20.0
Evocations     | 3 9 12 15 16 17 | 17.6
Throwing       | 3 6 |  6.0
Stealth        | 7 13 | 13.7
Fighting       | 4 7 |  7.7

Action                   |  1- 3 |  4- 6 |  7- 9 | 10-12 | 13-15 | 16-18 || total
-------------------------+-------+-------+-------+-------+-------+-------++-------
 Fire: Shortbow          |    97 |   172 |   331 |   860 |  1937 |    55 ||  3452
Throw: Dart              |       |       |       |     2 |     1 |       ||     3
       Throwing net      |       |       |       |     1 |       |       ||     1
Invok: Call Merchant     |       |       |       |     2 |     1 |     1 ||     4
Evoke: Wand              |       |       |     7 |    15 |     1 |       ||    23
  Use: Scroll            |       |       |    13 |    11 |    10 |     3 ||    37
       Potion            |       |       |     1 |       |       |     1 ||     2
Armor: Robe              |     3 |     6 |     5 |    14 |    46 |       ||    74
Dodge: Dodged            |    20 |    53 |    52 |   219 |   882 |    16 ||  1242
       Repelled          |       |       |       |       |     3 |       ||     3

Table legend: (Time is in decaauts)
 A = Elapsed time spent in this place.
 B = Non-inter-level travel time spent in this place.
 C = Inter-level travel time spent in this place.
 D = Time resting spent in this place.
 E = Time spent auto-exploring this place.
 F = Levels seen in this place.
 G = Mean time per level.
                   A        B        C        D        E       F      G
               +--------+--------+--------+--------+--------+-----+--------+
         Total |  23935 |  22639 |   1296 |   2396 |  14856 |  27 |  886.5 |
       Dungeon |  14338 |  13472 |    866 |   1465 |   9203 |  15 |  955.9 |
        Temple |    280 |    244 |     36 |      0 |    230 |   1 |  280.0 |
          Lair |   6967 |   6668 |    299 |    461 |   4502 |   6 | 1161.2 |
  Orcish Mines |   1482 |   1388 |     94 |    255 |    631 |   2 |  741.0 |
   Elven Halls |     51 |     51 |      0 |      0 |     10 |   1 |   51.0 |
       Ossuary |    290 |    290 |      0 |    119 |    104 |   1 |  290.0 |
       Volcano |    524 |    524 |      0 |     95 |    175 |   1 |  524.0 |
               +--------+--------+--------+--------+--------+-----+--------+

Top non-repeatable levels by time:
  Lair:6: 1662 daAuts
  Lair:5: 1480 daAuts
    D:12: 1405 daAuts
     D:8: 1356 daAuts
     D:5: 1347 daAuts
     D:9: 1295 daAuts
    D:15: 1282 daAuts
  Lair:3: 1254 daAuts
    D:14: 1105 daAuts
  Lair:2: 960 daAuts
     D:6: 944 daAuts
     D:3: 933 daAuts
  Lair:4: 912 daAuts
     D:4: 889 daAuts
    D:13: 850 daAuts
